 Dungeon Crawl Stone Soup version 0.30-a0-364-gf6b3ef1049 (webtiles) character file.

Game seed: 6383775314405569894

4756 porpoise the Fighter (level 10, -9/78 HPs)
             Began as a Djinni Fire Elementalist on Nov 15, 2022.
             Was a Follower of Makhleb.
             Mangled by a two-headed ogre
             ... wielding a +0 dire flail
              (25 damage)
             ... on level 8 of the Dungeon.
             The game lasted 00:32:03 (8073 turns).

porpoise the Fighter (Djinni Fire Elementalist)     Turns: 8073, Time: 00:32:05

Health: -9/78      AC:  4    Str:  7    XL:     10   Next: 74%
Gold:   445        EV: 14    Int: 21    God:    Makhleb [*.....] SH:  0 Dex: 14

rFire   + + .      SeeInvis .    b - +9 trident of Okawaru, Dancing {venom, rCorr}
rCold   . . .      Faith    .    (no shield)
rNeg    . . .      Spirit   .    L - +1 robe {rC+}
rPois   ∞          Reflect  .    (no helmet)
rElec   .          Harm     .    (no cloak)
rCorr   +          Rampage  .    c - +0 pair of gloves
Will    ++...                    (boots unavailable)
Stlth   +++.......               (no amulet)
HPRegen 0.33/turn                D - ring of willpower
MPRegen 0.00/turn                (no ring)

@: flying
A: sickness immunity, fire resistance 2, cold vulnerability 1, float, innate
caster, HP casting, extra vitality 1
a: Renounce Religion


You were on level 8 of the Dungeon.
You worshipped Makhleb.
Makhleb was aware of your devotion.
You visited 2 branches of the dungeon, and saw 9 of its levels.

You collected 445 gold pieces.

Inventory:

Hand Weapons
 b - the +9 trident of Okawaru, Dancing (weapon) {venom, rCorr}
   (You found it on level 3 of the Dungeon)

   It poisons the flesh of those it strikes.
   rCorr:     It protects you from acid and corrosion.
 d - a +1 dagger of draining
Missiles
 h - 4 boomerangs
 j - 8 poisoned darts
 p - 5 atropa-tipped darts (quivered)
Armour
 c - a +0 pair of gloves (worn)
 E - the +2 leather armour of Zuhuyshy {rF++}
   (You found it on level 5 of the Dungeon)

   rF:        It greatly protects you from fire.
 K - +0 steam dragon scales
 L - a +1 robe of cold resistance (worn)
Magical Staves
 a - a staff of conjuration
 m - a staff of air
Jewellery
 D - a ring of willpower (left hand)
Wands
 f - a wand of mindburst (12)
 B - a wand of iceblast (14)
 N - a wand of flame (6)
 O - a wand of light (3)
Scrolls
 e - a scroll of identify {unknown}
 k - a scroll of enchant armour {unknown}
 o - a scroll of teleportation
 t - 3 scrolls of noise
 v - a scroll of brand weapon {unknown}
 x - a scroll of magic mapping {unknown}
 y - a scroll of silence {unknown}
 C - a scroll of poison {unknown}
 G - a scroll of fog
 I - a scroll of blinking {unknown}
 J - 3 scrolls of vulnerability {unknown}
 M - a scroll of enchant weapon {unknown}
Potions
 g - a potion of might {unknown}
 i - 2 potions of heal wounds
 l - 2 potions of brilliance {unknown}
 n - 4 potions of curing
 q - 2 potions of invisibility {unknown}
 r - 2 potions of flight {unknown}
 s - a potion of attraction {unknown}
 u - 3 potions of degeneration {unknown}
 w - a potion of experience {unknown}
 z - a potion of haste {unknown}
 A - a potion of ambrosia {unknown}
 F - a potion of resistance
 H - 2 potions of mutation {unknown}


   Skills:
 - Level 9.0 Fighting
 + Level 3.9 Polearms
 + Level 5.8 Dodging
 + Level 4.8 Stealth
 - Level 7.0 Spellcasting


You had one spell level left.
You knew the following spells:

 Your Spells              Type           Power      Damage    Failure   Level
a - Foxfire               Conj/Fire      100%       2x1d9     1%          1
b - Scorch                Fire           72%        2d9       1%          2
c - Kindle Blastsparks    Fire/Tloc/Air  72%        2d16      1%          3
e - Flame Wave            Conj/Fire      36%        2d10      4%          4
g - Gell's Gravitas       Tloc           36%        N/A       1%          3
i - Inner Flame           Hex/Fire       36%        N/A       1%          3
n - Necrotise             Necr           100%       1d9       1%          1
r - Frozen Ramparts       Ice            72%        1d11      1%          3
v - Poisonous Vapours     Pois/Air       72%        N/A       1%          2
Your spell library was empty.

Dungeon Overview and Level Annotations

Branches:
Dungeon (8/15)             Temple (1/1) D:7
   Lair: D:8-11

Altars:
Ashenzari
Cheibriados
Dithmenos
Fedhas
Hepliaklqana
Makhleb
Nemelex Xobeh
Okawaru
Qazlal
Ru
Trog
Uskayaw
Wu Jian
Xom
Yredelemnul
Zin
The Shining One

Shops:
D:4 [

Annotations:
D:2 dig


Innate Abilities, Weirdness & Mutations

You are immune to sickness and miasma.
You are immune to poison.
Your flesh is very heat resistant. (rF++)
You are vulnerable to cold. (rC-)
You float through the air rather than walking.
You learn spells naturally, not from books.
Your magical power is your life essence.
You have superior vitality. (+4 MHP)


Message History

You feel strangely unstable. The water moccasin barely misses you.
The water moccasin bites you!
* * * LOW HITPOINT WARNING * * *
As you read the scroll labelled UKHUENO ZEMUG, it crumbles to dust.
The scroll dissolves into smoke.
It was a scroll of fog.
The gnoll sergeant hits you from afar with a +0 spear.
* * * LOW HITPOINT WARNING * * *
The water moccasin closely misses you.
It was a potion of heal wounds.
You feel much better.
The water moccasin completely misses you.
The gnoll sergeant hits you from afar with a +0 spear.
The water moccasin barely misses you. The gnoll sergeant closely misses you.
The water moccasin closely misses you.
Your surroundings suddenly seem different.
You start resting.
A two-headed ogre is nearby!
You start resting.
A two-headed ogre is nearby!
Casting: Foxfire (safe; 1% risk of failure)
Confirm with . or Enter, or press ? or * to list all spells.
Flames lash the two-headed ogre.
The two-headed ogre is lightly wounded.
The two-headed ogre's fire resistance burns away.
Casting: Scorch (safe; 1% risk of failure)
Confirm with . or Enter, or press ? or * to list all spells.
You conjure some foxfire!
The foxfire hits the two-headed ogre.
The two-headed ogre is burned terribly!
The two-headed ogre is lightly wounded.
You are too injured to fight recklessly!
You puncture the two-headed ogre!
The two-headed ogre is heavily wounded.
The foxfire hits the two-headed ogre.
The two-headed ogre is burned terribly!
The two-headed ogre is heavily wounded.
You hit the two-headed ogre but do no damage.
The two-headed ogre is poisoned.
The two-headed ogre is heavily wounded.
The two-headed ogre hits you with a +0 dire flail!!
* * * LOW HITPOINT WARNING * * *
The two-headed ogre hits you with a +0 giant club!!
You die...

g§##§.#....#~......8......
§§ #..#....#~...##...##...
.. ####....#~...##O..##...
.. ....###~.............
## ###.#.....8..._...8.. #
#..~.............
#..~...##...##... #
#..~~.O##...##...
###.#..~~..@..8......
(...###~...§§........
#######....#≈.............
......#....#≈~......~~≈~~~
......#...$#~≈....≈~≈~≈≈≈≈
≈.....#....#≈≈~.~~~≈≈≈≈≈≈≈
~~~~~~######≈≈~≈≈≈≈≈≈≈~≈~~
......~~~~~≈~≈≈≈≈≈≈≈≈≈~...
.............≈≈≈≈≈≈≈~.


You could see a two-headed ogre (very poisoned, combustible).

Vanquished Creatures
  A two-headed ogre (D:7)
  Prince Ribbit (D:5)
  A yak (D:8)
  2 steam dragons
  A sky beast (D:7)
  5 black bears
  An orc warrior (D:7)
  An ice beast (D:7)
  2 ogres
  5 centaurs
  11 bullfrogs
  A gnoll sergeant (D:8)
  3 scorpions
  A wight (D:6)
  4 killer bees (D:7)
  5 howler monkeys (D:7)
  3 electric eels (D:8)
  3 jellies
  4 hounds
  4 orc priests
  2 gnoll boudas (D:8)
  5 iguanas
  4 orc wizards
  An orc zombie (D:5)
  5 gnolls (D:8)
  A gnoll zombie (D:5)
  7 adders
  2 shadow imps (D:6)
  3 dart slugs
  23 orcs
  5 ball pythons
  8 endoplasms
  A giant cockroach (D:1)
  2 hobgoblins (D:1)
  6 quokkas
  6 bats
  2 frilled lizards
  7 goblins
  6 kobolds
  3 rats
158 creatures vanquished.

Vanquished Creatures (collateral kills)
  6 foxfires (D:8)
6 creatures vanquished.

Vanquished Creatures (others)
  An orc (D:7)
  335 foxfires
  67 plants (D:8)
403 creatures vanquished.

Grand Total: 567 creatures vanquished

Notes
Turn   | Place    | Note
-------+----------+-------------------------------------------
     0 | D:1      | porpoise the Djinni Fire Elementalist began the quest for
                  | the Orb.
     0 | D:1      | porpoise set off with the following spells memorised:
                  | Foxfire, Scorch, Kindle Blastsparks, Inner Flame, Flame
                  | Wave.
     0 | D:1      | Reached XP level 1. HP: 15/15 MP: 0/0
   446 | D:1      | Reached XP level 2. HP: 21/22 MP: 0/0
   450 | D:1      | Reached skill level 1 in Fighting
   928 | D:1      | Reached XP level 3. HP: 26/27 MP: 0/0
   928 | D:1      | Learned a level 1 spell: Necrotise
  1314 | D:2      | Reached skill level 2 in Fighting
  1704 | D:2      | Reached XP level 4. HP: 32/33 MP: 0/0
  1911 | D:3      | Identified the +9 trident of Okawaru, Dancing {venom,
                  | rCorr}
  2211 | D:3      | Reached XP level 5. HP: 40/40 MP: 0/0
  2211 | D:3      | Learned a level 2 spell: Poisonous Vapours
  2680 | D:4      | Reached skill level 3 in Fighting
  2757 | D:4      | Noticed an ogre
  2766 | D:4      | Killed an ogre
  2767 | D:4      | Reached XP level 6. HP: 32/47 MP: 0/0
  2844 | D:4      | Reached skill level 4 in Fighting
  2961 | D:4      | You are sucked into a shaft and drop 1 floor!
  2961 | D:5      | Entered Level 5 of the Dungeon
  3058 | D:4      | Found Bumourow's Armour Shoppe.
  3427 | D:5      | Reached XP level 7. HP: 52/53 MP: 0/0
  3427 | D:5      | Learned a level 3 spell: Frozen Ramparts
  3490 | D:5      | Reached skill level 5 in Fighting
  3727 | D:5      | Found a transporter.
  3768 | D:5      | Identified the +2 leather armour of Zuhuyshy {rF++}
  3770 | D:5      | Found a transporter.
  4185 | D:5      | Noticed Prince Ribbit
  4190 | D:5      | Killed Prince Ribbit
  4191 | D:5      | Reached skill level 5 in Spellcasting
  4191 | D:5      | Reached XP level 8. HP: 54/61 MP: 0/0
  4311 | D:6      | Reached skill level 6 in Fighting
  4993 | D:6      | Reached skill level 7 in Fighting
  5082 | D:6      | Reached XP level 9. HP: 26/68 MP: 0/0
  5082 | D:6      | Learned a level 3 spell: Gell's Gravitas
  5620 | D:7      | Reached skill level 8 in Fighting
  6064 | D:7      | Reached skill level 9 in Fighting
  6378 | D:7      | Noticed a two-headed ogre
  6388 | D:7      | Killed a two-headed ogre
  6389 | D:7      | Reached XP level 10. HP: 62/78 MP: 0/0
  6507 | D:7      | Found a staircase to the Ecumenical Temple.
  6523 | Temple   | Entered the Ecumenical Temple
  6675 | Temple   | Became a worshipper of Makhleb the Destroyer
  7081 | D:8      | Reached skill level 5 in Dodging
  7718 | D:8      | Reached * piety under Makhleb
  7953 | D:8      | Found a blossoming altar of Fedhas.
  7980 | D:8      | Noticed a two-headed ogre
  8073 | D:8      | Mangled by a two-headed ogre

Illustrated notes

Levels and vault maps discovered:
D:1:      kilobyte_arrival_exit_the_forest, layout_basic, serial_rivers,
          chequers_serial_rivers_room_a, chequers_serial_rivers_micro_c,
          chequers_serial_rivers_small_3, chequers_serial_rivers_micro_c,
          chequers_serial_rivers_small_b
D:2:      layout_loops_cross, lightli_corner_chamber
D:3:      wander_river, layout_loops_ring
D:4:      layout_basic, serial_shops, nicolae_square_shop
D:5:      gammafunk_cloud_chamber, layout_cave_pools, uniq_prince_ribbit1
D:6:      minmay_recursive_quarters, layout_loops_ring
D:7:      layout_rooms, temple_green
D:8:      kennysheep_town, uniq_erica
Temple:   nicolae_temple_bog_church

Skill      XL: |  1  2  3  4  5  6  7  8  9 10 |
---------------+-------------------------------+-----
Fighting       | 1 2 3 4 5 7 9 |  9.0
Spellcasting   | 3 4 5 6 7 |  7.0
Stealth        | 3 4 |  4.8
Polearms       | 2 3 |  3.9
Dodging        | 3 5 |  5.8

Action                   |  1- 3 |  4- 6 |  7- 9 | 10-12 || total
-------------------------+-------+-------+-------+-------++-------
Melee: Staff             |     7 |     2 |     5 |       ||    14
       Dagger            |     1 |       |       |       ||     1
       Trident           |       |    13 |    70 |    30 ||   113
       Punch             |       |       |     1 |       ||     1
 Cast: Foxfire           |    46 |    38 |    69 |    47 ||   200
       Scorch            |       |     3 |    21 |     7 ||    31
       Inner Flame       |       |       |     1 |       ||     1
       Flame Wave        |       |       |     1 |     3 ||     4
       Frozen Ramparts   |       |       |       |     1 ||     1
  Use: Scroll            |       |     2 |     2 |     3 ||     7
       Potion            |       |       |     1 |     1 ||     2
 Stab: Sleeping          |       |     3 |     4 |       ||     7
Armor: Robe              |     3 |     4 |     8 |    14 ||    29
       Steam dragon scal |       |       |    14 |       ||    14
Dodge: Dodged            |     5 |     4 |    75 |    47 ||   131

Table legend: (Time is in decaauts)
 A = Elapsed time spent in this place.
 B = Non-inter-level travel time spent in this place.
 C = Inter-level travel time spent in this place.
 D = Time resting spent in this place.
 E = Time spent auto-exploring this place.
 F = Levels seen in this place.
 G = Mean time per level.
                   A        B        C        D        E       F      G
               +--------+--------+--------+--------+--------+-----+--------+
         Total |   8090 |   7879 |    211 |   2379 |   3985 |   9 |  898.9 |
       Dungeon |   7915 |   7726 |    189 |   2379 |   3858 |   8 |  989.4 |
        Temple |    174 |    152 |     22 |      0 |    127 |   1 |  174.0 |
               +--------+--------+--------+--------+--------+-----+--------+

Top non-repeatable levels by time:
     D:7: 1373 daAuts
     D:1: 1245 daAuts
     D:6: 1214 daAuts
     D:8: 1031 daAuts
     D:5: 903 daAuts
     D:3: 839 daAuts
     D:4: 720 daAuts
     D:2: 586 daAuts
  Temple: 174 daAuts
